 Dungeon Crawl Stone Soup version 0.28.0 (webtiles) character file.

Game seed: 13076167616236859300

10 kiwiEater56 the Magician (level 2, 0/20 HPs)
             Began as a Gnoll Wanderer on Feb 9, 2022.
             Slain by a jackal (2 damage)
             ... on level 1 of the Dungeon.
             The game lasted 00:02:07 (580 turns).

kiwiEater56 the Magician (Gnoll Wanderer)            Turns: 580, Time: 00:02:08

Health: 0/20       AC:  2    Str:  9    XL:     2   Next: 20%
Magic:  10/10      EV: 11    Int: 14    God:
Gold:   2          SH:  0    Dex: 10    Spells: 14/15 levels left

rFire   . . .      SeeInvis .   a - +0 mace
rCold   . . .      Faith    .   (no shield)
rNeg    . . .      Spirit   .   c - +0 robe
rPois   .          Reflect  .   (no helmet)
rElec   .          Harm     .   (no cloak)
rCorr   .          Rampage  .   (no gloves)
Will    .....                   (no boots)
Stlth   ++........              (no amulet)
HPRegen 0.06/turn               (no ring)
MPRegen 0.12/turn               (no ring)

@: no status effects
A: fangs 1, strong nose, distributed training
a: no special abilities


You were on level 1 of the Dungeon.
You visited 1 branch of the dungeon, and saw 1 of its levels.

You collected 2 gold pieces.

Inventory:

Hand Weapons
 a - a +0 mace (weapon)
Armour
 c - a +0 robe (worn)
Wands
 b - a wand of flame (6)
Scrolls
 d - a scroll of torment {unknown}


   Skills:
 + Level 0.3 Fighting
 + Level 0.3 Short Blades
 + Level 0.3 Long Blades
 + Level 0.3 Axes
 + Level 6.4 Maces & Flails
 + Level 0.3 Polearms
 + Level 0.3 Staves
 + Level 0.3 Slings
 + Level 0.3 Bows
 + Level 0.3 Crossbows
 + Level 0.3 Throwing
 + Level 0.3 Armour
 + Level 0.3 Dodging
 + Level 2.2 Stealth
 + Level 0.3 Shields
 + Level 0.3 Unarmed Combat
 + Level 7.1 Spellcasting
 + Level 0.2 Conjurations
 + Level 0.2 Hexes
 + Level 0.2 Summonings
 + Level 0.2 Necromancy
 + Level 0.2 Translocations
 + Level 0.2 Transmutations
 + Level 0.2 Fire Magic
 + Level 0.2 Ice Magic
 + Level 0.2 Air Magic
 + Level 0.2 Earth Magic
 + Level 3.7 Poison Magic
 + Level 0.4 Invocations
 + Level 2.4 Evocations


You had 14 spell levels left.
You knew the following spells:

 Your Spells              Type           Power      Damage    Failure   Level
a - Sting                 Tmut/Pois      40%        1d5       6%          1

Your spell library contained the following spells:

 Spells                   Type           Power      Damage    Failure   Level
 Poisonous Vapours        Pois/Air       20%        N/A       10%         2
 Ignite Poison            Fire/Tmut/Pois 8%         N/A       24%         3


Dungeon Overview and Level Annotations

Branches:
Dungeon (1/15)

Altars:


Innate Abilities, Weirdness & Mutations

You have very sharp teeth.
Your uncanny sense of smell can sniff out nearby items.
Your experience applies equally to all skills.


Message History

The hobgoblin barely misses you.
A jackal comes into view.
Casting: Sting (safe; 6% risk of failure)
Confirm with . or Enter, or press ? or * to list all spells.
You don't know that spell.
Casting: Sting (safe; 6% risk of failure)
Confirm with . or Enter, or press ? or * to list all spells.
Aiming: Sting (safe; 6% risk of failure)
Press: ? - help, Shift-Dir - straight line, f - hobgoblin
Aim: a hobgoblin (71% to hit)
You miscast Sting.
You are very lightly contaminated with residual magic.
Nothing appears to happen.
The hobgoblin closely misses you.
You barely miss the hobgoblin. The hobgoblin hits you.
You barely miss the hobgoblin. The hobgoblin hits you.
You closely miss the hobgoblin. The hobgoblin misses you.
A kobold comes into view. It is wielding a +0 dagger.
You barely miss the hobgoblin. The hobgoblin hits you.
The hobgoblin barely misses you.
You closely miss the hobgoblin. The hobgoblin hits you.
You hit the hobgoblin.
The hobgoblin is heavily wounded.
The hobgoblin hits you.
* * * LOW HITPOINT WARNING * * *
Your magical contamination has completely faded away.
You hit the hobgoblin.
You kill the hobgoblin!
You hit the jackal but do no damage. The jackal bites you.
* * * LOW HITPOINT WARNING * * *
You hit the jackal.
The jackal is heavily wounded.
The jackal closely misses you.
You hit the jackal but do no damage.
The jackal is heavily wounded.
The jackal closely misses you. The jackal bites you.
* * * LOW HITPOINT WARNING * * *
You sock the jackal!
You kill the jackal!
The jackal bites you.
You die...

≈≈≈≈♣≈≈≈≈≈#
≈≈≈≈≈≈≈≈≈≈#
≈≈≈≈≈≈≈≈..#
≈≈≈≈≈≈≈≈..#
≈.≈≈..≈...
≈≈.....K.
.......h# ##
#h#
..##.###@###
..........>#
.........###
..##.##..# #
#..#
###.##..##
..........# .
#.#####....#.#
. ...
....##.#.#


You could see 2 jackals and a kobold.

Vanquished Creatures
  A dart slug (D:1)
  3 bats (D:1)
  An endoplasm (D:1)
  A hobgoblin (D:1)
  A jackal (D:1)
  A ball python (D:1)
  A kobold (D:1)
9 creatures vanquished.

Notes
Turn   | Place    | Note
-------+----------+-------------------------------------------
     0 | D:1      | kiwiEater56 the Gnoll Wanderer began the quest for the Orb.
     0 | D:1      | kiwiEater56 set off with the following items: a +0 mace, a
                  | wand of flame (6), a +0 robe; and the following spell
                  | memorised: Sting; and the following spells available to
                  | memorise: Poisonous Vapours, Ignite Poison
     0 | D:1      | Reached XP level 1. HP: 13/13 MP: 8/8
   478 | D:1      | Reached XP level 2. HP: 14/19 MP: 10/10
   580 | D:1      | Slain by a jackal

Illustrated notes

Levels and vault maps discovered:
D:1:      dpeg_arrival_erosion, layout_basic, chequers_ecumenical_altar_island

Action                   || total
-------------------------++-------
Melee: Mace              ||    29
       Bite              ||     1
 Cast: Sting             ||     1
Armor: Robe              ||     9
Dodge: Dodged            ||    20
